Islanders vs Panthers
Created - April 14, 2021 at 20:08
Goals
|
Islanders |
0 |
0 |
2 |
0 |
1 |
3 |
Panthers |
2 |
0 |
0 |
0 |
0 |
2 |
|
Shots
|
Islanders |
3 |
13 |
16 |
2 |
3 |
34 |
Panthers |
9 |
16 |
10 |
0 |
3 |
35 |
|
1st period
1. Panthers , Max Reinhart 10 (Drew Stafford 19) at 0:41
2. Panthers , Travis Zajac 26 (David Booth 16, Jakob Silfverberg 33) at 8:05
Penalties :
Joe Thornton (NYI) for High sticking (Minor) at 4:12, Erik Gudbranson (Flo) for High sticking (Minor) at 9:24, Matt Duchene (Flo) for Tripping (Minor) at 16:28
2nd period
No Goal
Penalties :
Erik Gudbranson (Flo) for Cross-checking (Minor) at 0:13, Zac Dalpe (NYI) for Roughing (Minor) at 18:45
3rd period
3. Islanders , Joe Thornton 24 (Tomas Fleischmann 16) at 17:55
4. Islanders , Ryan Ellis 12 (Tomas Fleischmann 17, Tomas Plekanec 14) at 19:27 (PP)
Penalties :
Zac Rinaldo (NYI) for Hooking (Minor) at 10:31, Jay Bouwmeester (NYI) for Tripping (Minor) at 15:52, Matt Duchene (Flo) for Hooking (Minor) at 18:31
Overtime #1
No Goal
Penalties :
No Penalty
Shootout
Islanders, Vladimir Tarasenko - Goal!
Panthers, Jakob Silfverberg - Shot Misses the Net
Islanders, Evander Kane - Shot Misses the Net
Panthers, Viktor Arvidsson - Stopped by Jonathan Quick
Islanders, Joe Thornton - Stopped by Petr Mrazek
Panthers, Alex Galchenyuk - Stopped by Jonathan Quick
Penalties :
No Penalty
Goalie Stats
Jonathan Quick (NYI), 33 saves from 35 shots - (0.943), W, 33-23-7, 64:22 minutes
Petr Mrazek (Flo), 32 saves from 34 shots - (0.941), OTL, 23-20-4, 65:00 minutes
Players Stats for Islanders
Player Name G A P +/- PIM S H SB GA TA FO MP PP MP PK MP
------------------------------------------------------------------------------------
Adam Pineault 0 0 0 -1 0 1 1 1 1 0 1/1 12:13 0:00 0:00
Carl Klingberg 0 0 0 0 0 0 0 0 0 1 0/0 5:37 0:00 1:30
Dustin Byfuglien 0 0 0 -1 0 0 0 1 0 1 0/0 22:15 2:50 3:13
Evander Kane 0 0 0 -1 0 4 1 1 1 1 1/1 26:59 4:04 3:56
Fedor Tyutin 0 0 0 1 0 3 1 1 0 1 0/0 28:49 4:03 4:43
Jay Bouwmeester 0 0 0 0 2 0 0 1 1 1 0/0 21:04 2:50 1:59
Jiri Hudler 0 0 0 0 0 5 0 0 0 1 0/2 17:43 2:49 0:00
Joe Thornton 1 0 1 0 2 3 0 1 1 0 9/21 21:27 4:04 1:55
Justin Falk 0 0 0 0 0 0 0 0 0 0 0/0 3:37 0:00 0:33
R.J. Umberger 0 0 0 -1 0 0 1 1 1 0 0/0 13:35 0:00 0:11
Ryan Ellis 1 0 1 1 0 8 2 6 1 0 0/0 31:27 3:40 4:43
T.J. Fast 0 0 0 -1 0 0 0 1 0 0 0/0 11:18 0:23 0:00
Tomas Fleischmann 0 2 2 1 0 1 0 0 0 0 0/0 20:37 2:49 1:53
Tomas Kundratek 0 0 0 -1 0 0 0 1 0 1 0/0 11:33 0:00 0:41
Tomas Plekanec 0 1 1 0 0 1 3 0 1 0 7/17 18:17 2:49 0:48
Vladimir Tarasenko 0 0 0 -1 0 6 0 1 0 1 7/13 26:36 4:04 4:10
Zac Dalpe 0 0 0 -1 2 1 0 0 0 0 4/8 12:34 0:00 0:00
Zac Rinaldo 0 0 0 0 2 1 0 0 0 0 0/0 6:19 0:00 1:29
Players Stats for Panthers
Player Name G A P +/- PIM S H SB GA TA FO MP PP MP PK MP
------------------------------------------------------------------------------------
Alex Galchenyuk 0 0 0 0 0 4 3 0 0 0 0/1 21:45 4:23 0:52
Alex Goligoski 0 0 0 1 0 0 2 2 1 0 0/0 27:42 2:44 3:52
Chad Larose 0 0 0 1 0 1 1 0 0 2 1/1 13:48 0:01 2:07
David Booth 0 1 1 0 0 4 2 0 0 0 1/1 15:37 3:32 0:00
Drew Stafford 0 1 1 1 0 4 0 0 1 1 0/0 14:35 0:11 3:59
Erik Gudbranson 0 0 0 0 4 3 2 2 1 1 0/0 27:36 5:12 2:05
Jakob Silfverberg 0 1 1 0 0 1 2 0 2 1 0/0 17:56 3:32 0:00
Jonathan Sigalet 0 0 0 0 0 0 0 0 0 0 0/0 12:44 0:00 0:56
Kyle Wellwood 0 0 0 0 0 1 1 0 0 0 3/3 9:02 0:00 0:16
Matt Duchene 0 0 0 0 4 3 2 1 0 0 14/28 21:33 4:23 0:21
Max Reinhart 1 0 1 1 0 4 1 0 0 0 5/12 15:07 0:00 4:09
Michael Raffl 0 0 0 0 0 0 2 0 0 0 0/0 8:20 0:00 0:00
Radko Gudas 0 0 0 1 0 1 0 1 0 1 0/0 18:31 0:00 1:46
Raphael Diaz 0 0 0 -1 0 3 3 0 0 0 0/0 17:33 5:12 0:00
Stefan Ruzicka 0 0 0 0 0 0 0 0 1 0 0/0 8:20 0:00 0:00
Taylor Chorney 0 0 0 1 0 1 2 1 0 0 0/0 26:02 2:44 5:07
Travis Zajac 1 0 1 0 0 2 0 1 2 0 10/16 17:48 3:32 2:02
Viktor Arvidsson 0 0 0 0 0 3 2 1 0 1 0/1 19:04 4:14 0:00
3 Stars
1 - Ryan Ellis (NYI)
2 - Jonathan Quick (NYI)
3 - Tomas Fleischmann (NYI)
Power Play
Islanders - 1 on 4 Attempt(s) - 25.00%
Panthers - 0 on 4 Attempt(s) - 0.00%
Penalty Kill
Islanders - 4 on 4 Attempt(s) - 100.00%
- Score 0 goal in Penalty Kill
Panthers - 3 on 4 Attempt(s) - 75.00%
- Score 0 goal in Penalty Kill
Team Stat
Islanders - Hits : 9 - Faceoff Wins : 29 - Blocked Shots : 16 - Penalty Minutes : 8
Panthers - Hits : 25 - Faceoff Wins : 34 - Blocked Shots : 9 - Penalty Minutes : 8
Official
Referees : Unknown
Linesman : Unknown
Game Notes
No Game Note
Finance
Level 1 -- Attendance: 4118 (68.63%) -- Ticket Income $494,160
Level 2 -- Attendance: 4160 (83.20%) -- Ticket Income $291,200
Level 3 -- Attendance: 1647 (82.35%) -- Ticket Income $74,115
Level 4 -- Attendance: 3085 (77.13%) -- Ticket Income $107,975
Luxury Box -- Attendance: 783 (78.30%) -- Ticket Income $152,685
Game was played at the Bank Atlantic Cente.
Total Attendance: 13793 (76.63%)
Total Ticket Income: $1,120,135
Other Income: $168,020
Total Income: $1,288,155
Islanders
5 vs 5 Forward
Center Left Wing Right Wing Time % Phy DF OF
1 Joe Thornton Evander Kane Vladimir Tarasenko 40 1 2 2
2 Tomas Plekanec Tomas Fleischmann Jiri Hudler 30 1 2 2
3 Zac Dalpe R.J. Umberger Adam Pineault 20 1 2 2
4 Vladimir Tarasenko Zac Rinaldo Evander Kane 10 1 2 2
5 vs 5 Defense
Defense Defense Time % Phy DF OF
1 Ryan Ellis Fedor Tyutin 40 1 2 2
2 Jay Bouwmeester Dustin Byfuglien 30 1 2 2
3 T.J. Fast Tomas Kundratek 20 1 2 2
4 Justin Falk Ryan Ellis 10 1 2 2
PowerPlay Forward
Center Left Wing Right Wing Time % Phy DF OF
1 Joe Thornton Evander Kane Vladimir Tarasenko 60 1 2 2
2 Tomas Plekanec Tomas Fleischmann Jiri Hudler 40 1 2 2
PowerPlay Defense
Defense Defense Time % Phy DF OF
1 Ryan Ellis Fedor Tyutin 60 1 2 2
2 Jay Bouwmeester Dustin Byfuglien 40 1 2 2
Penalty Kill 4 Players Forward
Center Wing Time % Phy DF OF
1 Vladimir Tarasenko Evander Kane 60 1 2 2
2 Joe Thornton Tomas Fleischmann 40 1 2 2
Penalty Kill 4 Players Defense
Defense Defense Time % Phy DF OF
1 Ryan Ellis Fedor Tyutin 60 1 2 2
2 Jay Bouwmeester Dustin Byfuglien 40 1 2 2
Penalty Kill - 3 Players Forward
Forward Time % Phy DF OF
1 Vladimir Tarasenko 60 1 2 2
2 Evander Kane 40 1 2 2
Penalty Kill - 3 Players Defense
Defense Defense Time % Phy DF OF
1 Ryan Ellis Fedor Tyutin 60 1 2 2
2 Jay Bouwmeester Dustin Byfuglien 40 1 2 2
4 vs 4 Forward
Center Wing Time % Phy DF OF
1 Vladimir Tarasenko Evander Kane 60 1 2 2
2 Joe Thornton Tomas Fleischmann 40 1 2 2
4 vs 4 Defense
Defense Defense Time % Phy DF OF
1 Ryan Ellis Fedor Tyutin 60 1 2 2
2 Jay Bouwmeester Dustin Byfuglien 40 1 2 2
Last Minutes Offensive
Center Left Wing Right Wing Defense Defense
Joe Thornton Evander Kane Vladimir Tarasenko Ryan Ellis Fedor Tyutin
Last Minutes Defensive
Center Left Wing Right Wing Defense Defense
Joe Thornton Evander Kane Vladimir Tarasenko Ryan Ellis Fedor Tyutin
Goaltenders
Starting : Jonathan Quick
Backup : Julien Ellis
Extra Forwards
Normal : Carl Klingberg, R.J. Umberger, Zac Rinaldo - PP : Carl Klingberg, R.J. Umberger - PK : Zac Rinaldo
Extra Defensemen
Normal : T.J. Fast, Tomas Kundratek, Justin Falk - PP : T.J. Fast - PK : Tomas Kundratek, Justin Falk
Penalty Shots
Vladimir Tarasenko, Evander Kane, Joe Thornton, Tomas Fleischmann, R.J. Umberger
Scratches
David Legwand (Healthy), Maxim Talbot (Healthy), Mike Brown (Healthy)
Panthers
5 vs 5 Forward
Center Left Wing Right Wing Time % Phy DF OF
1 Matt Duchene Alex Galchenyuk Viktor Arvidsson 40 0 2 3
2 Travis Zajac David Booth Jakob Silfverberg 30 0 2 3
3 Max Reinhart Chad Larose Drew Stafford 20 0 3 2
4 Kyle Wellwood Michael Raffl Stefan Ruzicka 10 1 2 2
5 vs 5 Defense
Defense Defense Time % Phy DF OF
1 Erik Gudbranson Alex Goligoski 40 0 2 3
2 Taylor Chorney Radko Gudas 30 0 2 3
3 Raphael Diaz Jonathan Sigalet 20 1 2 2
4 Erik Gudbranson Alex Goligoski 10 0 2 3
PowerPlay Forward
Center Left Wing Right Wing Time % Phy DF OF
1 Matt Duchene Alex Galchenyuk Viktor Arvidsson 60 0 1 4
2 Travis Zajac David Booth Jakob Silfverberg 40 0 1 4
PowerPlay Defense
Defense Defense Time % Phy DF OF
1 Erik Gudbranson Raphael Diaz 60 0 2 3
2 Alex Goligoski Taylor Chorney 40 0 2 3
Penalty Kill 4 Players Forward
Center Wing Time % Phy DF OF
1 Max Reinhart Drew Stafford 60 1 3 1
2 Travis Zajac Chad Larose 40 1 3 1
Penalty Kill 4 Players Defense
Defense Defense Time % Phy DF OF
1 Erik Gudbranson Taylor Chorney 60 1 3 1
2 Alex Goligoski Radko Gudas 40 1 3 1
Penalty Kill - 3 Players Forward
Forward Time % Phy DF OF
1 Drew Stafford 60 1 3 1
2 Max Reinhart 40 1 3 1
Penalty Kill - 3 Players Defense
Defense Defense Time % Phy DF OF
1 Erik Gudbranson Taylor Chorney 60 0 4 1
2 Alex Goligoski Radko Gudas 40 0 4 1
4 vs 4 Forward
Center Wing Time % Phy DF OF
1 Matt Duchene Jakob Silfverberg 60 0 2 3
2 Travis Zajac Alex Galchenyuk 40 0 2 3
4 vs 4 Defense
Defense Defense Time % Phy DF OF
1 Erik Gudbranson Taylor Chorney 60 0 2 3
2 Alex Goligoski Radko Gudas 40 0 2 3
Last Minutes Offensive
Center Left Wing Right Wing Defense Defense
Matt Duchene Alex Galchenyuk Jakob Silfverberg Erik Gudbranson Alex Goligoski
Last Minutes Defensive
Center Left Wing Right Wing Defense Defense
Max Reinhart David Booth Drew Stafford Erik Gudbranson Taylor Chorney
Goaltenders
Starting : Petr Mrazek
Backup : Brian Elliott
Extra Forwards
Normal : Jakob Silfverberg, Alex Galchenyuk, Matt Duchene - PP : Drew Stafford, Alex Galchenyuk - PK : Chad Larose
Extra Defensemen
Normal : Radko Gudas, Erik Gudbranson, Alex Goligoski - PP : Radko Gudas - PK : Alex Goligoski, Erik Gudbranson
Penalty Shots
Jakob Silfverberg, Viktor Arvidsson, Alex Galchenyuk, David Booth, Matt Duchene
Scratches
None
% Time on Ice - Islanders
Lines # - Real PCT - Wanted PCT - Time Play
Normal Forward
1 - 32% - 40% - 14:22
2 - 34% - 30% - 15:10
3 - 27% - 20% - 12:09
4 - 8% - 10% - 3:30
Normal Defense
1 - 39% - 40% - 17:33
2 - 32% - 30% - 14:39
3 - 22% - 20% - 9:55
4 - 7% - 10% - 3:04
PP Forward
1 - 59% - 60% - 4:04
2 - 41% - 40% - 2:49
PP Defense
1 - 59% - 60% - 4:03
2 - 41% - 40% - 2:50
PK Forward
1 - 76% - 60% - 6:03
2 - 24% - 40% - 1:53
PK Defense
1 - 59% - 60% - 4:43
2 - 41% - 40% - 3:13
PK3 Forward
1 - 0% - 60%
2 - 0% - 40%
PK3 Defense
1 - 0% - 60%
2 - 0% - 40%
44 Forward
1 - 76% - 60% - 3:49
2 - 24% - 40% - 1:11
44 Defense
1 - 69% - 60% - 3:27
2 - 31% - 40% - 1:33
Last Minute Offensive - 0:00
Last Minute Defensive - 0:00
Total
Forward - 65:00
Defense - 65:00
|
% Time on Ice - Panthers
Lines # - Real PCT - Wanted PCT - Time Play
Normal Forward
1 - 34% - 40% - 15:14
2 - 27% - 30% - 12:05
3 - 21% - 20% - 9:32
4 - 18% - 10% - 8:20
Normal Defense
1 - 39% - 40% - 17:28
2 - 35% - 30% - 15:53
3 - 25% - 20% - 11:14
4 - 1% - 10% - 0:36
PP Forward
1 - 55% - 60% - 4:24
2 - 45% - 40% - 3:32
PP Defense
1 - 66% - 60% - 5:12
2 - 34% - 40% - 2:44
PK Forward
1 - 70% - 60% - 4:51
2 - 30% - 40% - 2:02
PK Defense
1 - 88% - 60% - 6:03
2 - 12% - 40% - 0:50
PK3 Forward
1 - 0% - 60%
2 - 0% - 40%
PK3 Defense
1 - 0% - 60%
2 - 0% - 40%
44 Forward
1 - 97% - 60% - 4:51
2 - 3% - 40% - 0:09
44 Defense
1 - 55% - 60% - 2:46
2 - 45% - 40% - 2:14
Last Minute Offensive - 0:00
Last Minute Defensive - 0:00
Total
Forward - 65:00
Defense - 65:00
|
Play-by-Play
1st period
0:01 of 1st period - Joe Thornton wins face-off versus Matt Duchene in neutral zone.
0:10 of 1st period - Snap shot by Vladimir Tarasenko.
0:10 of 1st period - Shot Hit the Post.
0:26 of 1st period - Ryan Ellis is hit by Alex Goligoski and loses puck.
0:37 of 1st period - Slapshot by David Booth.
0:37 of 1st period - Stopped by Jonathan Quick without a rebound.
0:38 of 1st period - Max Reinhart wins face-off versus Zac Dalpe in Islanders zone.
0:41 of 1st period - Snap shot by Max Reinhart.
0:41 of 1st period - Goal by Max Reinhart - Islanders : 0 - Panthers : 1.
0:42 of 1st period - Zac Dalpe wins face-off versus Max Reinhart in neutral zone.
1:16 of 1st period - Wrist shot by Stefan Ruzicka.
1:16 of 1st period - Shot Misses the Net.
1:18 of 1st period - Slapshot by Jonathan Sigalet.
1:18 of 1st period - Shot Blocked by Tomas Kundratek.
1:20 of 1st period - Slapshot by Raphael Diaz.
1:20 of 1st period - Shot Blocked by T.J. Fast.
2:14 of 1st period - Snap shot by Max Reinhart.
2:14 of 1st period - Stopped by Jonathan Quick with a rebound.
2:41 of 1st period - Icing by Radko Gudas.
2:42 of 1st period - Kyle Wellwood wins face-off versus Tomas Plekanec in Panthers zone.
2:55 of 1st period - Snap shot by Jiri Hudler.
2:55 of 1st period - Shot Misses the Net.
3:05 of 1st period - Jiri Hudler is hit by Kyle Wellwood and loses puck.
3:54 of 1st period - Snap shot by Jiri Hudler.
3:54 of 1st period - Stopped by Petr Mrazek without a rebound.
3:55 of 1st period - Matt Duchene wins face-off versus Joe Thornton in Panthers zone.
4:12 of 1st period - Minor Penalty to Joe Thornton for High sticking.
4:13 of 1st period - Vladimir Tarasenko wins face-off versus Matt Duchene in Islanders zone.
6:12 of 1st period - Penalty to Joe Thornton is over, Joe Thornton is back on ice.
6:55 of 1st period - Snap shot by Drew Stafford.
6:55 of 1st period - Shot Misses the Net.
6:57 of 1st period - Snap shot by Chad Larose.
6:57 of 1st period - Stopped by Jonathan Quick without a rebound.
6:58 of 1st period - Travis Zajac wins face-off versus Zac Dalpe in Islanders zone.
7:02 of 1st period - Icing by T.J. Fast.
7:03 of 1st period - Zac Dalpe wins face-off versus Travis Zajac in Islanders zone.
7:05 of 1st period - Icing by R.J. Umberger.
7:06 of 1st period - Travis Zajac wins face-off versus Zac Dalpe in Islanders zone.
7:23 of 1st period - Backhand shot by David Booth.
7:23 of 1st period - Stopped by Jonathan Quick without a rebound.
7:24 of 1st period - Matt Duchene wins face-off versus Tomas Plekanec in Islanders zone.
7:31 of 1st period - Slapshot by Alex Galchenyuk.
7:31 of 1st period - Shot Blocked by Ryan Ellis.
8:01 of 1st period - Snap shot by Travis Zajac.
8:01 of 1st period - Shot Blocked by Evander Kane.
8:03 of 1st period - Snap shot by David Booth.
8:03 of 1st period - Shot Blocked by Joe Thornton.
8:05 of 1st period - Snap shot by David Booth.
8:05 of 1st period - Deflect By Travis Zajac.
8:05 of 1st period - Goal by Travis Zajac - Islanders : 0 - Panthers : 2.
8:06 of 1st period - Matt Duchene wins face-off versus Joe Thornton in neutral zone.
9:24 of 1st period - Minor Penalty to Erik Gudbranson for High sticking.
9:25 of 1st period - Joe Thornton wins face-off versus Max Reinhart in Panthers zone.
9:25 of 1st period - Snap shot by Vladimir Tarasenko.
9:25 of 1st period - Stopped by Petr Mrazek with a rebound.
9:27 of 1st period - Snap shot by Evander Kane.
9:27 of 1st period - Deflect By Joe Thornton.
9:27 of 1st period - Shot Misses the Net.
9:27 of 1st period - Puck is out of play.
9:28 of 1st period - Max Reinhart wins face-off versus Joe Thornton in Panthers zone.
11:24 of 1st period - Penalty to Erik Gudbranson is over, Erik Gudbranson is back on ice.
11:38 of 1st period - Wrist shot by Jakob Silfverberg.
11:38 of 1st period - Shot Misses the Net.
11:40 of 1st period - Wrist shot by Raphael Diaz.
11:40 of 1st period - Shot Blocked by Dustin Byfuglien.
11:42 of 1st period - Snap shot by Jakob Silfverberg.
11:42 of 1st period - Stopped by Jonathan Quick without a rebound.
11:43 of 1st period - Zac Dalpe wins face-off versus Viktor Arvidsson in Islanders zone.
12:06 of 1st period - T.J. Fast is hit by David Booth and loses puck.
12:12 of 1st period - Icing by Tomas Fleischmann.
12:13 of 1st period - Tomas Plekanec wins face-off versus Travis Zajac in Islanders zone.
12:18 of 1st period - Wrist shot by Jakob Silfverberg.
12:18 of 1st period - Shot Misses the Net.
12:24 of 1st period - Wrist shot by Travis Zajac.
12:24 of 1st period - Stopped by Jonathan Quick without a rebound.
12:25 of 1st period - Joe Thornton wins face-off versus Matt Duchene in Islanders zone.
12:32 of 1st period - Ryan Ellis is hit by Alex Galchenyuk and loses puck.
12:51 of 1st period - Tomas Fleischmann is hit by Erik Gudbranson and loses puck.
15:18 of 1st period - Wrist shot by Kyle Wellwood.
15:18 of 1st period - Shot Misses the Net.
16:00 of 1st period - Snap shot by Drew Stafford.
16:00 of 1st period - Stopped by Jonathan Quick with a rebound.
16:22 of 1st period - Snap shot by Ryan Ellis.
16:22 of 1st period - Shot Misses the Net.
16:28 of 1st period - Minor Penalty to Matt Duchene for Tripping.
16:29 of 1st period - Joe Thornton wins face-off versus Max Reinhart in Panthers zone.
16:30 of 1st period - Slapshot by Vladimir Tarasenko.
16:30 of 1st period - Shot Misses the Net.
17:07 of 1st period - Slapshot by Alex Goligoski.
17:07 of 1st period - Shot Misses the Net.
18:28 of 1st period - Penalty to Matt Duchene is over, Matt Duchene is back on ice.
18:36 of 1st period - Snap shot by Zac Dalpe.
18:36 of 1st period - Stopped by Petr Mrazek with a rebound.
Goals for this period are 0 for Islanders vs 2 for Panthers.
Shots for this period are 3 for Islanders vs 9 for Panthers.
2nd period
0:01 of 2nd period - Matt Duchene wins face-off versus Vladimir Tarasenko in neutral zone.
0:13 of 2nd period - Minor Penalty to Erik Gudbranson for Cross-checking.
0:14 of 2nd period - Max Reinhart wins face-off versus Joe Thornton in Panthers zone.
0:22 of 2nd period - Snap shot by Evander Kane.
0:22 of 2nd period - Stopped by Petr Mrazek without a rebound.
0:23 of 2nd period - Max Reinhart wins face-off versus Vladimir Tarasenko in Panthers zone.
0:58 of 2nd period - Wrist shot by Vladimir Tarasenko.
0:58 of 2nd period - Stopped by Petr Mrazek with a rebound.
1:00 of 2nd period - Slapshot by Fedor Tyutin.
1:00 of 2nd period - Stopped by Petr Mrazek with a rebound.
1:02 of 2nd period - Wrist shot by Joe Thornton.
1:02 of 2nd period - Stopped by Petr Mrazek without a rebound.
1:03 of 2nd period - Tomas Plekanec wins face-off versus Max Reinhart in Panthers zone.
1:16 of 2nd period - Snap shot by Jiri Hudler.
1:16 of 2nd period - Stopped by Petr Mrazek without a rebound.
1:17 of 2nd period - Tomas Plekanec wins face-off versus Max Reinhart in Panthers zone.
1:31 of 2nd period - Backhand shot by Ryan Ellis.
1:31 of 2nd period - Stopped by Petr Mrazek with a rebound.
1:33 of 2nd period - Slapshot by Ryan Ellis.
1:33 of 2nd period - Shot Blocked by Taylor Chorney.
2:13 of 2nd period - Penalty to Erik Gudbranson is over, Erik Gudbranson is back on ice.
2:29 of 2nd period - Slapshot by Viktor Arvidsson.
2:29 of 2nd period - Stopped by Jonathan Quick without a rebound.
2:30 of 2nd period - Joe Thornton wins face-off versus Matt Duchene in Islanders zone.
2:37 of 2nd period - Slapshot by Vladimir Tarasenko.
2:37 of 2nd period - Stopped by Petr Mrazek with a rebound.
3:02 of 2nd period - Fedor Tyutin is hit by Raphael Diaz and loses puck.
3:13 of 2nd period - Jakob Silfverberg is hit by Ryan Ellis and loses puck.
3:24 of 2nd period - Snap shot by Raphael Diaz.
3:24 of 2nd period - Stopped by Jonathan Quick with a rebound.
3:26 of 2nd period - Slapshot by Drew Stafford.
3:26 of 2nd period - Shot Misses the Net.
3:28 of 2nd period - Slapshot by Raphael Diaz.
3:28 of 2nd period - Stopped by Jonathan Quick with a rebound.
3:30 of 2nd period - Snap shot by Drew Stafford.
3:30 of 2nd period - Shot Blocked by Ryan Ellis.
3:32 of 2nd period - Snap shot by Jonathan Sigalet.
3:32 of 2nd period - Shot Blocked by Ryan Ellis.
3:44 of 2nd period - Chad Larose is hit by Adam Pineault and loses puck.
3:53 of 2nd period - Zac Dalpe is hit by Raphael Diaz and loses puck.
4:08 of 2nd period - Snap shot by R.J. Umberger.
4:08 of 2nd period - Shot Misses the Net.
4:35 of 2nd period - Backhand shot by Raphael Diaz.
4:35 of 2nd period - Shot Misses the Net.
4:41 of 2nd period - Slapshot by Max Reinhart.
4:41 of 2nd period - Shot Blocked by Ryan Ellis.
4:43 of 2nd period - Backhand shot by Max Reinhart.
4:43 of 2nd period - Stopped by Jonathan Quick with a rebound.
4:59 of 2nd period - Snap shot by Drew Stafford.
4:59 of 2nd period - Stopped by Jonathan Quick with a rebound.
5:01 of 2nd period - Snap shot by Max Reinhart.
5:01 of 2nd period - Shot Blocked by R.J. Umberger.
5:03 of 2nd period - Snap shot by Chad Larose.
5:03 of 2nd period - Shot Misses the Net.
5:05 of 2nd period - Snap shot by Drew Stafford.
5:05 of 2nd period - Shot Hit the Post.
5:07 of 2nd period - Wrist shot by Drew Stafford.
5:07 of 2nd period - Stopped by Jonathan Quick with a rebound.
5:32 of 2nd period - Wrist shot by Max Reinhart.
5:32 of 2nd period - Stopped by Jonathan Quick with a rebound.
5:34 of 2nd period - Slapshot by Max Reinhart.
5:34 of 2nd period - Shot Blocked by Adam Pineault.
5:36 of 2nd period - Snap shot by Drew Stafford.
5:36 of 2nd period - Stopped by Jonathan Quick with a rebound.
5:38 of 2nd period - Snap shot by Max Reinhart.
5:38 of 2nd period - Shot Misses the Net.
5:42 of 2nd period - Snap shot by Drew Stafford.
5:42 of 2nd period - Shot Misses the Net.
5:44 of 2nd period - Wrist shot by Drew Stafford.
5:44 of 2nd period - Shot Misses the Net.
5:51 of 2nd period - Off-side.
5:52 of 2nd period - Matt Duchene wins face-off versus Joe Thornton in neutral zone.
6:34 of 2nd period - Snap shot by Vladimir Tarasenko.
6:34 of 2nd period - Shot Misses the Net.
6:36 of 2nd period - Slapshot by Joe Thornton.
6:36 of 2nd period - Shot Blocked by Viktor Arvidsson.
6:38 of 2nd period - Snap shot by Dustin Byfuglien.
6:38 of 2nd period - Shot Misses the Net.
6:40 of 2nd period - Wrist shot by Vladimir Tarasenko.
6:40 of 2nd period - Stopped by Petr Mrazek without a rebound.
6:41 of 2nd period - Travis Zajac wins face-off versus Jiri Hudler in Panthers zone.
6:58 of 2nd period - Snap shot by David Booth.
6:58 of 2nd period - Stopped by Jonathan Quick with a rebound.
8:44 of 2nd period - Icing by Evander Kane.
8:45 of 2nd period - Travis Zajac wins face-off versus Joe Thornton in Islanders zone.
9:57 of 2nd period - Ryan Ellis is hit by Michael Raffl and loses puck.
11:02 of 2nd period - Adam Pineault is hit by Viktor Arvidsson and loses puck.
11:15 of 2nd period - Jay Bouwmeester is hit by Taylor Chorney.
11:51 of 2nd period - Slapshot by Erik Gudbranson.
11:51 of 2nd period - Stopped by Jonathan Quick without a rebound.
11:52 of 2nd period - Travis Zajac wins face-off versus Tomas Plekanec in Islanders zone.
12:10 of 2nd period - Snap shot by Matt Duchene.
12:10 of 2nd period - Shot Misses the Net.
13:14 of 2nd period - Slapshot by Ryan Ellis.
13:14 of 2nd period - Stopped by Petr Mrazek with a rebound.
13:16 of 2nd period - Snap shot by Adam Pineault.
13:16 of 2nd period - Shot Misses the Net.
13:18 of 2nd period - Slapshot by Fedor Tyutin.
13:18 of 2nd period - Stopped by Petr Mrazek with a rebound.
13:20 of 2nd period - Slapshot by Fedor Tyutin.
13:20 of 2nd period - Deflect By Taylor Chorney.
13:20 of 2nd period - Stopped by Petr Mrazek without a rebound.
13:21 of 2nd period - Adam Pineault wins face-off versus Alex Galchenyuk in Panthers zone.
13:40 of 2nd period - Icing by Radko Gudas.
13:41 of 2nd period - Joe Thornton wins face-off versus Matt Duchene in Panthers zone.
13:54 of 2nd period - Wrist shot by Vladimir Tarasenko.
13:54 of 2nd period - Shot Blocked by Matt Duchene.
14:04 of 2nd period - Slapshot by Viktor Arvidsson.
14:04 of 2nd period - Shot Blocked by Vladimir Tarasenko.
14:17 of 2nd period - Off-side.
14:18 of 2nd period - Tomas Plekanec wins face-off versus Travis Zajac in neutral zone.
14:23 of 2nd period - Wrist shot by Tomas Fleischmann.
14:23 of 2nd period - Deflect By Jiri Hudler.
14:23 of 2nd period - Shot Misses the Net.
14:23 of 2nd period - Puck is out of play.
14:24 of 2nd period - Tomas Plekanec wins face-off versus Travis Zajac in Panthers zone.
14:25 of 2nd period - Slapshot by Jiri Hudler.
14:25 of 2nd period - Shot Misses the Net.
14:27 of 2nd period - Slapshot by Dustin Byfuglien.
14:27 of 2nd period - Deflect By Jiri Hudler.
14:27 of 2nd period - Shot Misses the Net.
14:27 of 2nd period - Puck is out of play.
14:28 of 2nd period - David Booth wins face-off versus Tomas Plekanec in Panthers zone.
14:33 of 2nd period - David Booth is hit by Tomas Plekanec and loses puck.
14:38 of 2nd period - Snap shot by Tomas Fleischmann.
14:38 of 2nd period - Stopped by Petr Mrazek with a rebound.
14:40 of 2nd period - Slapshot by Jiri Hudler.
14:40 of 2nd period - Stopped by Petr Mrazek with a rebound.
14:42 of 2nd period - Slapshot by Jiri Hudler.
14:42 of 2nd period - Shot Blocked by Alex Goligoski.
14:44 of 2nd period - Snap shot by Tomas Fleischmann.
14:44 of 2nd period - Shot Misses the Net.
14:46 of 2nd period - Snap shot by Jay Bouwmeester.
14:46 of 2nd period - Shot Misses the Net.
14:48 of 2nd period - Snap shot by Tomas Fleischmann.
14:48 of 2nd period - Shot Blocked by Erik Gudbranson.
14:50 of 2nd period - Slapshot by Tomas Fleischmann.
14:50 of 2nd period - Deflect By Jiri Hudler.
14:50 of 2nd period - Shot Blocked by Travis Zajac.
14:50 of 2nd period - Puck is out of play.
14:51 of 2nd period - Joe Thornton wins face-off versus Matt Duchene in Panthers zone.
15:00 of 2nd period - Slapshot by Taylor Chorney.
15:00 of 2nd period - Deflect By Matt Duchene.
15:00 of 2nd period - Shot Blocked by Ryan Ellis.
15:00 of 2nd period - Puck is out of play.
15:01 of 2nd period - Matt Duchene wins face-off versus Joe Thornton in Islanders zone.
15:18 of 2nd period - Snap shot by Alex Galchenyuk.
15:18 of 2nd period - Stopped by Jonathan Quick without a rebound.
15:19 of 2nd period - Travis Zajac wins face-off versus Tomas Plekanec in Islanders zone.
15:33 of 2nd period - Off-side.
15:34 of 2nd period - Joe Thornton wins face-off versus Matt Duchene in neutral zone.
17:00 of 2nd period - Wrist shot by Alex Galchenyuk.
17:00 of 2nd period - Shot Misses the Net.
17:02 of 2nd period - Snap shot by Alex Galchenyuk.
17:02 of 2nd period - Stopped by Jonathan Quick with a rebound.
17:04 of 2nd period - Snap shot by Matt Duchene.
17:04 of 2nd period - Stopped by Jonathan Quick without a rebound.
17:05 of 2nd period - Matt Duchene wins face-off versus Tomas Plekanec in Islanders zone.
17:06 of 2nd period - Wrist shot by Viktor Arvidsson.
17:06 of 2nd period - Shot Blocked by Ryan Ellis.
17:08 of 2nd period - Snap shot by Raphael Diaz.
17:08 of 2nd period - Shot Blocked by Fedor Tyutin.
17:20 of 2nd period - Tomas Plekanec is hit by Alex Galchenyuk and loses puck.
17:36 of 2nd period - Wrist shot by Travis Zajac.
17:36 of 2nd period - Shot Misses the Net.
17:38 of 2nd period - Slapshot by Taylor Chorney.
17:38 of 2nd period - Stopped by Jonathan Quick without a rebound.
17:39 of 2nd period - Evander Kane wins face-off versus Matt Duchene in Islanders zone.
18:06 of 2nd period - Taylor Chorney is hit by Tomas Plekanec and loses puck.
18:45 of 2nd period - Minor Penalty to Zac Dalpe for Roughing.
18:46 of 2nd period - Vladimir Tarasenko wins face-off versus Matt Duchene in Islanders zone.
18:55 of 2nd period - Wrist shot by Viktor Arvidsson.
18:55 of 2nd period - Stopped by Jonathan Quick with a rebound.
18:57 of 2nd period - Slapshot by Erik Gudbranson.
18:57 of 2nd period - Stopped by Jonathan Quick with a rebound.
19:55 of 2nd period - Dustin Byfuglien is hit by Alex Galchenyuk and loses puck.
Goals for this period are 0 for Islanders vs 0 for Panthers.
Shots for this period are 13 for Islanders vs 16 for Panthers.
3rd period
0:01 of 3rd period - Vladimir Tarasenko wins face-off versus Matt Duchene in neutral zone.
0:45 of 3rd period - Penalty to Zac Dalpe is over, Zac Dalpe is back on ice.
1:47 of 3rd period - Alex Galchenyuk is hit by Tomas Plekanec.
2:28 of 3rd period - Joe Thornton is hit by Taylor Chorney and loses puck.
2:54 of 3rd period - Wrist shot by Zac Dalpe.
2:54 of 3rd period - Shot Misses the Net.
3:11 of 3rd period - Off-side.
3:12 of 3rd period - Kyle Wellwood wins face-off versus Tomas Plekanec in neutral zone.
3:44 of 3rd period - Backhand shot by Ryan Ellis.
3:44 of 3rd period - Shot Blocked by Radko Gudas.
3:56 of 3rd period - Slapshot by Radko Gudas.
3:56 of 3rd period - Stopped by Jonathan Quick with a rebound.
3:58 of 3rd period - Slapshot by Alex Galchenyuk.
3:58 of 3rd period - Deflect By Viktor Arvidsson.
3:58 of 3rd period - Shot Misses the Net.
3:58 of 3rd period - Puck is out of play.
3:59 of 3rd period - Matt Duchene wins face-off versus Tomas Plekanec in Islanders zone.
4:16 of 3rd period - Wrist shot by Viktor Arvidsson.
4:16 of 3rd period - Stopped by Jonathan Quick without a rebound.
4:17 of 3rd period - Joe Thornton wins face-off versus Travis Zajac in Islanders zone.
4:46 of 3rd period - Snap shot by Jiri Hudler.
4:46 of 3rd period - Stopped by Petr Mrazek without a rebound.
4:47 of 3rd period - Matt Duchene wins face-off versus Tomas Plekanec in Panthers zone.
5:08 of 3rd period - Snap shot by Alex Galchenyuk.
5:08 of 3rd period - Stopped by Jonathan Quick without a rebound.
5:09 of 3rd period - Travis Zajac wins face-off versus Joe Thornton in Islanders zone.
5:36 of 3rd period - Tomas Plekanec is hit by Matt Duchene and loses puck.
5:57 of 3rd period - Slapshot by Kyle Wellwood.
5:57 of 3rd period - Stopped by Jonathan Quick with a rebound.
6:38 of 3rd period - Off-side.
6:39 of 3rd period - Matt Duchene wins face-off versus Joe Thornton in neutral zone.
6:46 of 3rd period - Slapshot by Raphael Diaz.
6:46 of 3rd period - Stopped by Jonathan Quick without a rebound.
6:47 of 3rd period - Vladimir Tarasenko wins face-off versus Matt Duchene in Islanders zone.
6:47 of 3rd period - Vladimir Tarasenko is hit by Erik Gudbranson.
6:55 of 3rd period - Wrist shot by Evander Kane.
6:55 of 3rd period - Shot Blocked by Alex Goligoski.
7:03 of 3rd period - Slapshot by Erik Gudbranson.
7:03 of 3rd period - Stopped by Jonathan Quick without a rebound.
7:04 of 3rd period - Travis Zajac wins face-off versus Joe Thornton in Islanders zone.
7:10 of 3rd period - Off-side.
7:11 of 3rd period - Travis Zajac wins face-off versus Joe Thornton in neutral zone.
8:13 of 3rd period - Snap shot by David Booth.
8:13 of 3rd period - Stopped by Jonathan Quick without a rebound.
8:14 of 3rd period - Matt Duchene wins face-off versus Jiri Hudler in Islanders zone.
8:27 of 3rd period - Slapshot by Fedor Tyutin.
8:27 of 3rd period - Shot Misses the Net.
9:44 of 3rd period - Wrist shot by Matt Duchene.
9:44 of 3rd period - Stopped by Jonathan Quick with a rebound.
10:00 of 3rd period - Snap shot by Kyle Wellwood.
10:00 of 3rd period - Shot Blocked by Jay Bouwmeester.
10:31 of 3rd period - Minor Penalty to Zac Rinaldo for Hooking.
10:32 of 3rd period - Vladimir Tarasenko wins face-off versus Matt Duchene in Islanders zone.
10:55 of 3rd period - Vladimir Tarasenko is hit by Raphael Diaz and loses puck.
11:20 of 3rd period - Alex Goligoski is hit by Ryan Ellis and loses puck.
12:31 of 3rd period - Penalty to Zac Rinaldo is over, Zac Rinaldo is back on ice.
12:35 of 3rd period - Alex Goligoski is hit by Fedor Tyutin and loses puck.
12:42 of 3rd period - Wrist shot by Zac Rinaldo.
12:42 of 3rd period - Shot Misses the Net.
12:46 of 3rd period - Snap shot by Evander Kane.
12:46 of 3rd period - Shot Misses the Net.
12:54 of 3rd period - Slapshot by Evander Kane.
12:54 of 3rd period - Stopped by Petr Mrazek with a rebound.
12:56 of 3rd period - Wrist shot by Vladimir Tarasenko.
12:56 of 3rd period - Deflect By Evander Kane.
12:56 of 3rd period - Stopped by Petr Mrazek with a rebound.
12:58 of 3rd period - Snap shot by Zac Rinaldo.
12:58 of 3rd period - Shot Misses the Net.
13:02 of 3rd period - Snap shot by Evander Kane.
13:02 of 3rd period - Stopped by Petr Mrazek with a rebound.
13:04 of 3rd period - Snap shot by Zac Rinaldo.
13:04 of 3rd period - Stopped by Petr Mrazek without a rebound.
13:05 of 3rd period - Kyle Wellwood wins face-off versus Tomas Plekanec in Panthers zone.
13:17 of 3rd period - Snap shot by Jiri Hudler.
13:17 of 3rd period - Shot Misses the Net.
13:21 of 3rd period - Wrist shot by Tomas Plekanec.
13:21 of 3rd period - Deflect By Jiri Hudler.
13:21 of 3rd period - Stopped by Petr Mrazek with a rebound.
14:26 of 3rd period - Jiri Hudler is hit by Jakob Silfverberg and loses puck.
14:45 of 3rd period - Joe Thornton is hit by Viktor Arvidsson and loses puck.
15:02 of 3rd period - Evander Kane is hit by Michael Raffl and loses puck.
15:52 of 3rd period - Minor Penalty to Jay Bouwmeester for Tripping.
15:53 of 3rd period - Vladimir Tarasenko wins face-off versus Matt Duchene in Islanders zone.
16:38 of 3rd period - Tomas Kundratek is hit by David Booth and loses puck.
17:01 of 3rd period - Snap shot by Matt Duchene.
17:01 of 3rd period - Stopped by Jonathan Quick with a rebound.
17:03 of 3rd period - Snap shot by Alex Galchenyuk.
17:03 of 3rd period - Stopped by Jonathan Quick with a rebound.
17:52 of 3rd period - Penalty to Jay Bouwmeester is over, Jay Bouwmeester is back on ice.
17:55 of 3rd period - Slapshot by Joe Thornton.
17:55 of 3rd period - Goal by Joe Thornton - Islanders : 1 - Panthers : 2.
17:56 of 3rd period - Zac Dalpe wins face-off versus Max Reinhart in neutral zone.
18:01 of 3rd period - Snap shot by Adam Pineault.
18:01 of 3rd period - Stopped by Petr Mrazek with a rebound.
18:29 of 3rd period - Snap shot by Vladimir Tarasenko.
18:29 of 3rd period - Stopped by Petr Mrazek with a rebound.
18:31 of 3rd period - Minor Penalty to Matt Duchene for Hooking.
18:32 of 3rd period - Max Reinhart wins face-off versus Joe Thornton in Panthers zone.
18:49 of 3rd period - Islanders, Jonathan Quick is pulled from the net.
19:13 of 3rd period - Wrist shot by Evander Kane.
19:13 of 3rd period - Deflect By Joe Thornton.
19:13 of 3rd period - Stopped by Petr Mrazek without a rebound.
19:14 of 3rd period - Jacques Martin call a timeout for Islanders.
19:14 of 3rd period - Tomas Plekanec wins face-off versus Travis Zajac in Panthers zone.
19:15 of 3rd period - Slapshot by Ryan Ellis.
19:15 of 3rd period - Stopped by Petr Mrazek with a rebound.
19:17 of 3rd period - Slapshot by Ryan Ellis.
19:17 of 3rd period - Shot Misses the Net.
19:19 of 3rd period - Slapshot by Ryan Ellis.
19:19 of 3rd period - Shot Blocked by Erik Gudbranson.
19:21 of 3rd period - Snap shot by Tomas Plekanec.
19:21 of 3rd period - Stopped by Petr Mrazek without a rebound.
19:22 of 3rd period - Tomas Plekanec wins face-off versus Max Reinhart in Panthers zone.
19:27 of 3rd period - Slapshot by Ryan Ellis.
19:27 of 3rd period - Goal by Ryan Ellis - Islanders : 2 - Panthers : 2.
19:27 of 3rd period - Jonathan Quick from Islanders was sent back in the game.
19:28 of 3rd period - Chad Larose wins face-off versus Vladimir Tarasenko in neutral zone.
19:39 of 3rd period - Wrist shot by Vladimir Tarasenko.
19:39 of 3rd period - Stopped by Petr Mrazek with a rebound.
19:41 of 3rd period - Slapshot by Ryan Ellis.
19:41 of 3rd period - Stopped by Petr Mrazek with a rebound.
19:43 of 3rd period - Slapshot by Ryan Ellis.
19:43 of 3rd period - Stopped by Petr Mrazek without a rebound.
19:44 of 3rd period - Travis Zajac wins face-off versus Zac Dalpe in Panthers zone.
19:51 of 3rd period - Fedor Tyutin is hit by Jakob Silfverberg and loses puck.
Goals for this period are 2 for Islanders vs 0 for Panthers.
Shots for this period are 16 for Islanders vs 10 for Panthers.
Overtime #1
0:01 of 1st overtime period - Matt Duchene wins face-off versus Vladimir Tarasenko in neutral zone.
0:43 of 1st overtime period - Chad Larose is hit by R.J. Umberger and loses puck.
0:52 of 1st overtime period - Slapshot by Ryan Ellis.
0:52 of 1st overtime period - Stopped by Petr Mrazek without a rebound.
0:53 of 1st overtime period - Matt Duchene wins face-off versus Vladimir Tarasenko in Panthers zone.
0:53 of 1st overtime period - Matt Duchene is hit by Evander Kane.
2:01 of 1st overtime period - Slapshot by Ryan Ellis.
2:01 of 1st overtime period - Stopped by Petr Mrazek without a rebound.
2:02 of 1st overtime period - Vladimir Tarasenko wins face-off versus Matt Duchene in Panthers zone.
2:13 of 1st overtime period - Vladimir Tarasenko is hit by Matt Duchene and loses puck.
3:12 of 1st overtime period - Evander Kane is hit by Chad Larose.
3:16 of 1st overtime period - Jay Bouwmeester is hit by Max Reinhart and loses puck.
3:50 of 1st overtime period - Carl Klingberg is hit by Alex Goligoski and loses puck.
4:46 of 1st overtime period - Icing by Ryan Ellis.
4:47 of 1st overtime period - Matt Duchene wins face-off versus Vladimir Tarasenko in Islanders zone.
Goals for this period are 0 for Islanders vs 0 for Panthers.
Shots for this period are 2 for Islanders vs 0 for Panthers.
ShootOut
5:00 of 1st overtime period - Round #1.
5:00 of 1st overtime period - Islanders, Vladimir Tarasenko.
5:00 of 1st overtime period - Wrist shot by Vladimir Tarasenko.
5:00 of 1st overtime period - Goal by Vladimir Tarasenko.
5:00 of 1st overtime period - Panthers, Jakob Silfverberg.
5:00 of 1st overtime period - Snap shot by Jakob Silfverberg.
5:00 of 1st overtime period - Shot Misses the Net.
5:00 of 1st overtime period - Round #2.
5:00 of 1st overtime period - Islanders, Evander Kane.
5:00 of 1st overtime period - Snap shot by Evander Kane.
5:00 of 1st overtime period - Shot Misses the Net.
5:00 of 1st overtime period - Panthers, Viktor Arvidsson.
5:00 of 1st overtime period - Wrist shot by Viktor Arvidsson.
5:00 of 1st overtime period - Stopped by Jonathan Quick.
5:00 of 1st overtime period - Round #3.
5:00 of 1st overtime period - Islanders, Joe Thornton.
5:00 of 1st overtime period - Snap shot by Joe Thornton.
5:00 of 1st overtime period - Stopped by Petr Mrazek.
5:00 of 1st overtime period - Panthers, Alex Galchenyuk.
5:00 of 1st overtime period - Deke by Alex Galchenyuk.
5:00 of 1st overtime period - Stopped by Jonathan Quick.